 Dungeon Crawl Stone Soup version 0.19.4 (webtiles) character file.

23814 bosm the Covert (level 13, -6/69 HPs)
             Began as a Vine Stalker Assassin on Feb 5, 2017.
             Was a High Priest of Uskayaw.
             Mangled by an alligator skeleton (14 damage)
             ... in a volcano.
             The game lasted 00:28:48 (9594 turns).

bosm the Covert (Vine Stalker Assassin)             Turns: 9594, Time: 00:28:49

Health: -6/69      AC: 11    Str: 18    XL:     13   Next: 9%
Magic:  0/20       EV: 18    Int: 11    God:    Uskayaw [*****.]
Gold:   642        SH:  0    Dex: 21    Spells: 2 memorised, 6 levels left

rFire  . . .     SeeInvis .     w - +11 short sword of Floods {flame, rC+}
rCold  + + .     Gourm    .     y - +1 leather armour of Spring {MR+ Regen+}
rNeg   . . .     Faith    .     (no shield)
rPois  +         Spirit   +     l - +0 helmet
rElec  .         Reflect  .     u - +0 cloak
rCorr  .         Harm     .     q - +1 pair of gloves
MR     ++...                    G - +0 pair of boots
Stlth  +++++.....               (no amulet)
                                t - +4 ring of strength
                                b - ring of protection from cold

@: no status effects
A: fangs 3, yellow scales 1, poison resistance, regeneration 2, screaming 1,
magic shield, antimagic bite, no device heal 3, rot immunity
a: Stomp, Line Pass, Grand Finale, Renounce Religion


You were in a volcano.
You worshipped Uskayaw.
Uskayaw was aware of your devotion.
You were near starving.

You visited 3 branches of the dungeon, and saw 14 of its levels.
You also visited: Sewer and Volcano.

You collected 817 gold pieces.
You spent 175 gold pieces at shops.

Inventory:

Hand Weapons
 a - a +0 blowgun
 w - the +11 short sword of Floods (weapon) {flame, rC+}
   (You found it on level 7 of the Dungeon)

   It has been specially enchanted to burn those struck by it, causing extra
   injury to most foes and up to half again as much damage against particularly
   susceptible opponents.
   It protects you from cold.
Missiles
 e - 28 poisoned needles
 f - 2 curare-tipped needles
 H - 4 throwing nets (quivered)
Armour
 l - a +0 helmet (worn)
 q - a +1 pair of gloves (worn)
 u - a +0 cloak (worn)
 y - the +1 leather armour of Spring (worn) {MR+ Regen+}
   (You found it on level 9 of the Dungeon)

   It affects your resistance to hostile enchantments.
   It increases your rate of regeneration.
 G - a +0 pair of boots (worn)
 M - the +9 large shield of Cowardice {MR+}
   (You found it on level 1 of the Lair of Beasts)

   It affects your resistance to hostile enchantments.
Jewellery
 b - a ring of protection from cold (left hand)
 t - a +4 ring of strength (right hand)
 x - a +2 ring of intelligence {unknown}
 D - an uncursed ring of positive energy {unknown}
Wands
 h - a wand of paralysis (10/24)
 v - a wand of lightning (12/15)
Scrolls
 i - 9 scrolls of identify
 k - a scroll of magic mapping
 m - 3 scrolls of recharging
 n - 4 scrolls of teleportation
 z - 4 scrolls of remove curse
 A - 4 scrolls of blinking
 E - a scroll of fear
 K - a scroll of fog
Potions
 c - a potion of brilliance
 F - 4 potions of curing
 L - 2 potions of magic
Books
 p - a book of Changes

   Spells                             Type                      Level
   a - Beastly Appendage              Transmutation                1
   b - Sticks to Snakes               Transmutation                2
   c - Spider Form                    Transmutation/Poison         3
   d - Ice Form                       Ice/Transmutation            4
   e - Blade Hands                    Transmutation                5
 B - a Young Poisoner's Handbook

   Spells                             Type                      Level
   a - Sting                          Conjuration/Poison           1
   b - Mephitic Cloud                 Conjuration/Poison/Air       3
   c - Olgreb's Toxic Radiance        Poison                       4
   d - Alistair's Intoxication        Transmutation/Poison         5
   e - Venom Bolt                     Conjuration/Poison           5
 J - a book of Necromancy

   Spells                             Type                      Level
   a - Pain                           Necromancy                   1
   b - Animate Skeleton               Necromancy                   1
   c - Vampiric Draining              Necromancy                   3
   d - Regeneration                   Charms/Necromancy            3
   e - Animate Dead                   Necromancy                   4
   f - Control Undead                 Necromancy                   4
Comestibles
 d - 5 beef jerkies
 g - 7 bread rations
 j - 4 chunks of flesh
 o - 3 meat rations
 r - 2 fruits


   Skills:
 + Level 8.6 Fighting
 * Level 11.8 Short Blades
 - Level 1.7 Throwing
 + Level 7.4 Dodging
 + Level 12.7 Stealth
 + Level 8.0 Invocations


You had 6 spell levels left.
You knew the following spells:

 Your Spells              Type           Power        Failure   Level  Hunger
b - Regeneration          Chrm/Necr      #.........   95%         3    ####...
w - Mephitic Cloud        Conj/Pois/Air  #.......     95%         3    ####...


Dungeon Overview and Level Annotations

Branches:
Dungeon (10/15)            Temple (1/1) D:5            Lair (3/6) D:10
  Swamp (0/4) Lair:3          Orc (0/2) D:10
  Snake: Lair:2-4    Spider: Lair:2-4

Altars:
Cheibriados
Elyvilon
Okawaru
Qazlal
Ru
Trog
Uskayaw
Yredelemnul
The Shining One

Shops:
D:4 }:(?


Innate Abilities, Weirdness & Mutations

You have razor-sharp teeth.
You heal very quickly.
When hurt, damage is shared between your health and your magic reserves.
Your bite disrupts and absorbs the magic of your enemies.
Potions and wands cannot restore your health.
You are immune to rotting.
You are partially covered in yellow scales. (AC +2)
Your system is resistant to poisons. (rPois)
You occasionally shout uncontrollably at your foes.


Message History

You hit the flying skull. Your bite misses the flying skull.
The flying skull is heavily damaged.
The flying skull hits you.
The alligator skeleton completely misses you.
The alligator skeleton barely misses you.
You puncture the alligator skeleton! You burn the alligator skeleton.
You bite the alligator skeleton. You drain its power.
You feel invigorated.
The alligator skeleton is heavily damaged.
The naga skeleton closely misses you. The naga skeleton grabs you.
The naga skeleton constricts you. The flying skull closely misses you.
You puncture the alligator skeleton! You burn the alligator skeleton.
The alligator skeleton is severely damaged.
The alligator skeleton bites you!!
* * * LOW HITPOINT WARNING * * *
The alligator skeleton misses you.
You can now merge with and destroy a victim.
You escape the naga skeleton's grasp.
The flying skull hits you but does no damage.
The alligator skeleton bites you!
You die...

#. #. #.# #. #.# #§§≈§
##.##.## ##§§§§§ ≈
###......######≈§§≈§§≈≈
..........##§#...≈≈≈≈≈
#.#..#.###.≈....§§≈§≈
#....Z))......≈§≈≈≈≈≈
###.#.@#)###.≈.§.§§≈≈§≈
........z...##...§§...§≈
####......########......
###.∩.## ###.... #...#
###.. ##### ##. ##


You could see a flying skull and an alligator skeleton.

Vanquished Creatures
  Fannar (D:10)
  2 hydras (Lair:1)
  Harold (D:10)
  Erica (D:8)
  Pikel (D:8)
  The ghost of dngmouse the Cleaver, a novice DDFi of Makhleb (D:6)
  A hill giant (D:10)
  An anaconda skeleton (Volcano)
  4 elephants (Lair:2)
  Maurice (D:10)
  Psyche (D:8)
  3 spiny frogs
  A black mamba (Lair:1)
  A torpor snail (Lair:3)
  4 gargoyles
  A rime drake (Lair:3)
  A komodo dragon (D:10)
  A troll (D:8)
  The ghost of vatarom the Skirmisher, a novice VSAs (D:5)
  Prince Ribbit (D:7)
  A harpy skeleton (Volcano)
  A two-headed ogre (D:8)
  8 blink frogs (Lair:1)
  An alligator skeleton (Volcano)
  A flying skull (Volcano)
  7 hippogriffs
  3 wyverns
  10 yaks
  Grum (D:8)
  4 vampire mosquitoes (D:8)
  3 water moccasins
  2 hell hounds (Lair:3)
  5 porcupines
  A black bear (D:6)
  An ice beast (D:6)
  4 sky beasts
  4 slaves (D:8)
  An orc warrior (D:8)
  5 ogres
  A necrophage (D:10)
  8 wolves
  An eye of draining (D:10)
  2 centaurs
  2 crocodiles
  3 big kobolds (Sewer)
  8 bullfrogs
  A gnoll sergeant (D:7)
  3 wyvern skeletons
  16 killer bees (D:8)
  3 scorpions
  A spriggan skeleton (Volcano)
  2 electric eels
  3 howler monkeys
  4 crimson imps
  A bullfrog zombie (D:7)
  A centaur zombie (D:9)
  3 jellies
  5 hounds
  6 orc priests
  A bullfrog skeleton (D:5)
  4 iguanas
  2 orc wizards
  2 hell rats (Lair:2)
  6 worker ants
  A hound zombie (D:7)
  A hound skeleton (D:6)
  12 gnolls
  A worker ant zombie (D:8)
  14 adders
  A howler monkey skeleton (D:10)
  6 river rats
  A shadow imp (D:5)
  6 oozes
  An adder zombie (D:7)
  5 worms
  A dart slug (D:1)
  8 leopard geckos
  35 orcs
  5 ball pythons
  5 giant cockroaches
  8 goblins
  7 hobgoblins
  9 jackals
  2 quokkas
  5 bats
  6 frilled lizards
  A jackal skeleton (D:8)
  11 kobolds
  A leopard gecko skeleton (D:7)
  A quokka skeleton (D:4)
  20 rats
355 creatures vanquished.

Vanquished Creatures (others)
  A plant (D:10)
1 creature vanquished.

Grand Total: 356 creatures vanquished

Notes
Turn   | Place    | Note
-------+----------+-------------------------------------------
     0 | D:1      | bosm the Vine Stalker Assassin began the quest for the Orb.
     0 | D:1      | Reached XP level 1. HP: 11/11 MP: 2/2
    85 | D:1      | Reached skill level 1 in Dodging
   352 | D:1      | Reached XP level 2. HP: 15/15 MP: 3/3
   372 | D:1      | Reached skill level 5 in Stealth
  1001 | D:1      | Reached XP level 3. HP: 15/18 MP: 2/4
  1379 | D:2      | Found a white marble altar of Elyvilon.
  1433 | D:2      | Found a stormy altar of Qazlal.
  1700 | D:3      | Gained mutation: Your natural rate of healing is unusually fast. [Vine Stalker growth]
  1700 | D:3      | Reached XP level 4. HP: 23/23 MP: 5/5
  1830 | D:3      | Reached skill level 6 in Stealth
  1852 | D:3      | Reached XP level 5. HP: 12/27 MP: 6/6
  2109 | D:3      | Reached XP level 6. HP: 31/32 MP: 7/7
  2256 | D:4      | Found Aqyat's Magic Scroll Emporium.
  2268 | D:4      | Bought a scroll of blinking for 105 gold pieces
  2268 | D:4      | Bought a scroll of teleportation for 42 gold pieces
  2268 | D:4      | Bought a scroll of identify for 28 gold pieces
  2357 | D:4      | Found Ucucreifu's Antique Weapon Emporium.
  2432 | D:4      | Reached skill level 7 in Stealth
  2498 | D:4      | Found Abrekk's Gadget Emporium.
  2529 | D:4      | Found a hide-covered altar of Uskayaw.
  2540 | D:4      | Reached XP level 7. HP: 29/36 MP: 6/8
  2553 | D:4      | Became a worshipper of Uskayaw the Reveler
  2624 | D:4      | Reached * piety under Uskayaw
  2724 | D:4      | Reached ** piety under Uskayaw
  2751 | D:4      | Found Cenell's Book Emporium.
  2791 | D:4      | Reached *** piety under Uskayaw
  3009 | D:5      | Entered Level 5 of the Dungeon
  3015 | D:5      | Found a staircase to the Ecumenical Temple.
  3023 | Temple   | Entered the Ecumenical Temple
  3116 | D:5      | Reached skill level 1 in Invocations
  3156 | D:5      | Found a glowing drain.
  3160 | Sewer    | Entered a sewer
  3313 | Sewer    | Reached skill level 8 in Stealth
  3498 | Sewer    | Gained mutation: You have razor-sharp teeth. [Vine Stalker growth]
  3498 | Sewer    | Reached XP level 8. HP: 36/42 MP: 8/10
  3758 | D:5      | Gained mutation: You occasionally shout uncontrollably at your foes. [potion of mutation]
  3758 | D:5      | Gained mutation: Your system is resistant to poisons. (rPois) [potion of mutation]
  3758 | D:5      | Gained mutation: You are partially covered in yellow scales. (AC +2) [potion of mutation]
  3947 | D:5      | Noticed vatarom's ghost (novice VSAs)
  3969 | D:5      | Killed vatarom's ghost
  3969 | D:5      | Reached skill level 5 in Short Blades
  4212 | D:6      | Reached **** piety under Uskayaw
  4217 | D:6      | Reached ***** piety under Uskayaw
  4222 | D:6      | Reached skill level 9 in Stealth
  4222 | D:6      | Reached XP level 9. HP: 40/46 MP: 12/12
  4610 | D:6      | Noticed dngmouse's ghost (novice DDFi)
  4643 | D:6      | Killed dngmouse's ghost
  4643 | D:6      | Reached skill level 5 in Fighting
  4984 | D:8      | Reached skill level 10 in Stealth
  4984 | D:8      | Reached XP level 10. HP: 10/51 MP: 14/14
  5000 | D:8      | Reached ****** piety under Uskayaw
  5072 | D:8      | Noticed Psyche
  5096 | D:8      | Noticed Pikel
  5098 | D:8      | Killed Psyche
  5098 | D:8      | Reached skill level 5 in Invocations
  5128 | D:8      | Killed Pikel
  5128 | D:8      | Reached skill level 5 in Dodging
  5342 | D:8      | Noticed Erica
  5373 | D:8      | Killed Erica
  5426 | D:8      | Found a snail-covered altar of Cheibriados.
  5429 | D:8      | Noticed Grum
  5472 | D:8      | Reached XP level 11. HP: 47/58 MP: 16/16
  5542 | D:8      | Killed Grum
  6338 | D:7      | Learned a level 3 spell: Mephitic Cloud
  6372 | D:7      | Reached skill level 11 in Stealth
  6403 | D:7      | Got a twisted short sword
  6404 | D:7      | Identified the +11 short sword of Floods {flame, rC+} (You found it on level 7 of the Dungeon)
  6615 | D:7      | Noticed Prince Ribbit
  6619 | D:7      | Killed Prince Ribbit
  6781 | D:9      | Got a spiked leather armour
  6782 | D:9      | Identified the +1 leather armour of Spring {MR+ Regen+} (You found it on level 9 of the Dungeon)
  7170 | D:9      | Noticed a moth of wrath
  7172 | D:9      | Found a bloodstained altar of Trog.
  7266 | D:10     | Entered Level 10 of the Dungeon
  7291 | D:10     | Noticed a hill giant
  7301 | D:10     | Killed a hill giant
  7309 | D:10     | Noticed Fannar
  7344 | D:10     | Killed Fannar
  7364 | D:10     | Found a staircase to the Orcish Mines.
  7477 | D:10     | Noticed Maurice
  7491 | D:10     | Killed Maurice
  7511 | D:10     | Noticed Harold
  7533 | D:10     | Killed Harold
  7533 | D:10     | Reached skill level 10 in Short Blades
  7651 | D:10     | Learned a level 3 spell: Regeneration
  7879 | D:10     | Found a staircase to the Lair.
  8082 | Lair:1   | Entered Level 1 of the Lair of Beasts
  8095 | Lair:1   | Noticed an eight-headed hydra
  8102 | Lair:1   | Killed an eight-headed hydra
  8102 | Lair:1   | Gained mutation: You heal very quickly. [Vine Stalker growth]
  8102 | Lair:1   | Reached XP level 12. HP: 58/63 MP: 18/18
  8151 | Lair:1   | Noticed an eight-headed hydra
  8158 | Lair:1   | Killed an eight-headed hydra
  8238 | Lair:1   | Reached skill level 12 in Stealth
  8391 | Lair:1   | Got an encrusted large shield
  8392 | Lair:1   | Identified the +9 large shield of Cowardice {MR+} (You found it on level 1 of the Lair of Beasts)
  9500 | Lair:3   | Found a dark tunnel.
  9518 | Volcano  | Entered a volcano
  9575 | Volcano  | Reached XP level 13. HP: 46/69 MP: 11/19
  9594 | Volcano  | Mangled by an alligator skeleton

Skill      XL: |  1  2  3  4  5  6  7  8  9 10 11 12 13 |
---------------+----------------------------------------+-----
Dodging        | 1 2 3 4 5 6 7 |  7.4
Short Blades   | 2 3 4 5 7 8 10 11 | 11.8
Stealth        | 5 6 7 8 9 10 11 12 | 12.7
Fighting       | 2 3 4 5 6 7 8 |  8.6
Invocations    | 1 3 4 5 6 7 8 |  8.0
Throwing       | |  1.7

Action                   |  1- 3 |  4- 6 |  7- 9 | 10-12 | 13-15 || total
-------------------------+-------+-------+-------+-------+-------++-------
Melee: Dagger            |   112 |   148 |   415 |   346 |       ||  1021
       Bite              |    28 |    51 |   141 |   213 |     5 ||   438
       Short sword       |       |       |       |   281 |    15 ||   296
 Fire: Blowgun           |       |     9 |       |       |       ||     9
  Use: Scroll            |       |     6 |     5 |     8 |       ||    19
       Potion            |       |       |    13 |     4 |       ||    17
 Stab: Sleeping          |     7 |     2 |    11 |    25 |       ||    45
       Distracted        |       |     1 |     1 |     4 |       ||     6
       Paralysed         |       |       |    16 |    31 |     2 ||    49
  Eat: Chunk             |     2 |     3 |     4 |     9 |       ||    18
       Royal jelly       |       |       |     1 |       |       ||     1
       Fruit             |       |       |     3 |     6 |       ||     9
Armor: Robe              |     7 |       |       |       |       ||     7
       Ring mail         |    35 |    56 |    62 |       |       ||   153
       Leather armour    |       |       |    44 |    96 |     7 ||   147
Dodge: Dodged            |    70 |    91 |   227 |   284 |    18 ||   690
